 Dungeon Crawl Stone Soup version 0.25-a0-597-gb30770a0c0 (webtiles) character file.

Game seed: 823399301219739361, levelgen mode: deterministic

81 Conn the Magician (level 4, -1/27 HPs)
             Began as an Octopode Wizard on Mar 15, 2020.
             Was an Initiate of Sif Muna.
             Slain by Grinder (7 damage)
             ... while paralysed by Grinder
             ... on level 3 of the Dungeon.
             The game lasted 00:10:36 (2733 turns).

Conn the Magician (Octopode Wizard)                 Turns: 2733, Time: 00:10:37

Health: -1/27      AC:  1    Str:  6    XL:     4   Next: 40%
Magic:  0/10       EV:  2    Int: 21    God:    Sif Muna [......]
Gold:   101        SH:  0    Dex: 10    Spells: 0/11 levels left

rFire    . . .     SeeInvis .   o - +0 short sword
rCold    . . .     Gourm    .   (no shield)
rNeg     . . .     Faith    .   a - +0 hat
rPois    .         Spirit   .   i - +3 amulet of reflection
rElec    .         Reflect  +   s - ring of stealth
rCorr    .         Harm     .   (no ring)
MR       .....                  (no ring)
Stlth    ++++......             (no ring)
HPRegen  0.09/turn              (no ring)
MPRegen  0.12/turn              (no ring)
                                (no ring)
                                (no ring)

@: paralysed, stab
A: almost no armour, stealthy swim, amphibious, 8 rings, constrict 8, camouflage
1, gelatinous body 1
a: Renounce Religion


You were on level 3 of the Dungeon.
You worshipped Sif Muna.
Sif Muna was noncommittal.
You were not hungry.

You visited 1 branch of the dungeon, and saw 3 of its levels.

You collected 101 gold pieces.

Inventory:

Hand Weapons
 g - a +0 dagger
 o - a +0 short sword (weapon)
Missiles
 h - 3 boomerangs (quivered)
 p - 10 poisoned darts
 r - 24 sling bullets
Armour
 a - a +0 hat (worn)
Jewellery
 i - a +3 amulet of reflection (around mantle)
 s - a ring of stealth (left tentacle)
Scrolls
 b - a scroll of enchant armour {unknown}
 d - 2 scrolls of immolation {unknown}
 e - 4 scrolls of teleportation {unknown}
 f - a scroll of fear {unknown}
 k - a scroll of remove curse {unknown}
 l - a scroll of blinking {unknown}
 m - a scroll of random uselessness
 q - a scroll of amnesia {unknown}
Comestibles
 c - 3 rations


   Skills:
 + Level 0.2 Fighting
 + Level 1.0 Short Blades
 + Level 2.1 Dodging
 + Level 3.5 Stealth
 + Level 4.0 Spellcasting
 * Level 1.6 Conjurations
 + Level 1.0 Summonings
 + Level 1.0 Translocations
 + Level 0.1 Fire Magic


You couldn't memorise any spells.
You knew the following spells:

 Your Spells              Type           Power        Failure   Level  Hunger
a - Magic Dart            Conj           ##..         6%          1    None
b - Blink                 Tloc           N/A          12%         2    #......
c - Call Imp              Summ           #.......     12%         2    #......
d - Conjure Flame         Conj/Fire      #.......     26%         3    ###....
e - Mephitic Cloud        Conj/Pois/Air  #.......     28%         3    ###....

Your spell library contained the following spells:

 Spells                   Type           Power        Failure   Level  Hunger
 Slow                     Hex            #.......     19%         2    #......


Dungeon Overview and Level Annotations

Branches:
Dungeon (3/15)

Altars:
Sif Muna
Uskayaw

Annotations:
D:3 Grinder


Innate Abilities, Weirdness & Mutations

You cannot wear most types of armour.
You are very stealthy in the water. (Stealth+)
You are amphibious.
You can wear up to eight rings at the same time.
You can use your tentacles to constrict eight enemies at once.
Your skin changes colour to match your surroundings (Stealth+).
Your rubbery body absorbs attacks. (AC +1, EV +1)


Message History

* * * LOW HITPOINT WARNING * * *
Unknown command.
Casting: Magic Dart (safe; 6% risk of failure)
Confirm with . or Enter, or press ? or * to list all spells.
Okay, then.
You barely miss Grinder. Your grab misses Grinder.
Grinder is almost dead.
Grinder gestures at you.
You barely resist. You hit Grinder. You grab Grinder.
Grinder is almost dead.
You constrict Grinder, but do no damage.
Grinder barely misses you.
You hit Grinder but do no damage.
Grinder is almost dead.
You constrict Grinder. Grinder gestures at you.
You suddenly lose the ability to move!
You lose your grip on Grinder.
Grinder hits you!
You die...

#. ## #.# .. #.# ###.
#.# ... ## #.# #.# #.#
##.########.#####.#
#.####.......%..........
#.$......[....!.5###.##
#####..########@...#
#..# #.#.#.# #..# #.#.#
#..# #.#.# #..# #.#(#
#..########.#<#
#5.†..5.....#.#
#..######.###.# #..)
#..##.#


You could see Grinder.

Vanquished Creatures
  2 adders (D:2)
  A worm (D:2)
  A dart slug (D:2)
  A leopard gecko (D:3)
  A ball python (D:2)
  14 bats
  3 giant cockroaches
  6 goblins
  7 hobgoblins
  5 jackals (D:1)
  4 kobolds
  2 frilled lizards
  5 rats
52 creatures vanquished.

Notes
Turn   | Place    | Note
-------+----------+-------------------------------------------
     0 | D:1      | Conn the Octopode Wizard began the quest for the Orb.
     0 | D:1      | Reached XP level 1. HP: 11/11 MP: 4/4
   143 | D:1      | Reached XP level 2. HP: 9/17 MP: 1/6
   870 | D:1      | Reached XP level 3. HP: 16/21 MP: 4/8
  1614 | D:2      | Reached skill level 4 in Spellcasting
  1866 | D:2      | Reached XP level 4. HP: 27/27 MP: 10/10
  2124 | D:2      | Found a shimmering blue altar of Sif Muna.
  2130 | D:2      | Became a worshipper of Sif Muna the Loreminder
  2245 | D:2      | Reached skill level 1 in Short Blades
  2501 | D:3      | Noticed Grinder
  2503 | D:3      | Found a hide-covered altar of Uskayaw.
  2504 | D:3      | Paralysed by Grinder for 2 turns
  2612 | D:2      | Learned a level 2 spell: Blink
  2615 | D:2      | Learned a level 2 spell: Call Imp
  2619 | D:2      | Learned a level 3 spell: Conjure Flame
  2623 | D:2      | Learned a level 3 spell: Mephitic Cloud
  2714 | D:3      | Paralysed by Grinder for 3 turns
  2723 | D:3      | HP: 1/27 [Grinder/nerve-wracking pain (13)]
  2732 | D:3      | Paralysed by Grinder for 3 turns
  2733 | D:3      | Slain by Grinder

Levels and vault maps discovered:
D:1:      dpeg_arrival_subterranean_lakeside_camping, layout_basic,
          patterned_corridor
D:2:      layout_loops_ring, lemuel_round_altar
D:3:      layout_loops_ring, old_standard_altar, nicolae_tso_swordbearing_angel,
          uniq_grinder

Skill      XL: |  1  2  3  4 |
---------------+-------------+-----
Stealth        | 3 |  3.5
Spellcasting   | 4 |  4.0
Short Blades   | 1 |  1.0
Fighting       | |  0.2
Dodging        | |  2.1
Conjurations   | |  1.6
Summonings     | |  1.0
Translocations | |  1.0
Fire Magic     | |  0.1

Action                   |  1- 3 |  4- 6 || total
-------------------------+-------+-------++-------
Melee: Unarmed           |     6 |       ||     6
       Tentacles         |     4 |     4 ||     8
       Constrict         |    12 |     4 ||    16
       Dagger            |    37 |       ||    37
       Short sword       |    17 |    24 ||    41
Throw: Boomerang         |       |     3 ||     3
 Cast: Magic Dart        |    60 |    17 ||    77
       Call Imp          |       |     7 ||     7
       Conjure Flame     |       |     2 ||     2
  Use: Potion            |       |     4 ||     4
       Scroll            |       |     1 ||     1
 Stab: Sleeping          |     7 |     8 ||    15
       Distracted        |     1 |       ||     1
  Eat: Chunk             |     2 |     2 ||     4
       Ration            |       |     1 ||     1
Armor: Skin              |     7 |     6 ||    13
Dodge: Dodged            |    52 |    21 ||    73
Block: Other             |     8 |     7 ||    15
       Reflection        |     1 |       ||     1

Table legend:
 A = Non-vault XP
 B = Vault XP
 C = Vault XP percentage of total XP
 D = Non-vault monster count
 E = Vault monster count
 F = Vault count percentage of total count
                 A         B        C        D         E       F
            +---------+---------+-------+---------+---------+-------
      Total |     107 |       9 |   7.8 |      46 |       6 |  11.5
            +---------+---------+-------+---------+---------+-------
        D:1 |      42 |       9 |  17.6 |      25 |       6 |  19.4
        D:2 |      61 |       0 |   0.0 |      19 |       0 |   0.0
        D:3 |       4 |       0 |   0.0 |       2 |       0 |   0.0
            +---------+---------+-------+---------+---------+-------
